 Dungeon Crawl Stone Soup version 0.17-a0-1510-gb3fb22e (webtiles) character file.

127 badblocks the Chopper (level 5, 0/41 HPs)
             Began as a Formicid Berserker on July 11, 2015.
             Was a Believer of Trog.
             Slain by an orc (2 damage)
             ... on level 3 of the Dungeon.
             The game lasted 00:04:23 (2798 turns).

badblocks the Chopper (Formicid Berserker)          Turns: 2798, Time: 00:04:23

Health: 0/41       AC:  3    Str: 23    XL:     5   Next: 33%
Magic:  5/5        EV: 11    Int:  6    God:    Trog [**....]
Gold:   70         SH:  3    Dex: 10    Spells: 0 memorised, 4 levels left

rFire  . . .     SeeInvis +     a - +0 hand axe
rCold  . . .     Clarity  .     i - +0 leather armour
rNeg   . . .     SustAt   .     h - +0 buckler
rPois  .         Gourm    .     (helmet unavailable)
rElec  .         Spirit   .     (no cloak)
rCorr  .         Warding  .     (no gloves)
rMut   .         Stasis   +     (no boots)
MR     ++...                    (no amulet)
Stlth  +.........               (no ring)
                                (no ring)

@: regenerating, very resistant to hostile enchantments, very unstealthy
A: permanent stasis, dig shafts and tunnels, four strong arms, antennae 3
a: Dig, Shaft Self, Burn Spellbooks, Trog's Hand, Renounce Religion


You were on level 3 of the Dungeon.
You worshipped Trog.
Trog was pleased with you.
You were not hungry.

You visited 1 branch of the dungeon, and saw 3 of its levels.

You collected 70 gold pieces.

Inventory:

Hand weapons
 a - a +0 hand axe (weapon)
Armour
 b - a +0 animal skin
 h - a +0 buckler (worn)
 i - a +0 leather armour (worn)
Scrolls
 e - a scroll of enchant weapon {unknown}
 f - a scroll of remove curse {unknown}
 g - 3 scrolls of fear {unknown}
 n - a scroll of enchant armour {unknown}
 p - a scroll of immolation {unknown}
Comestibles
 c - 2 bread rations
 k - a meat ration
 l - a royal jelly
 o - 2 fruits


   Skills:
 - Level 3.2 Fighting
 * Level 5.6 Axes
 - Level 2.1 Armour
 - Level 1.7 Dodging


You had 4 spell levels left.
You didn't know any spells.

Dungeon Overview and Level Annotations

Branches:
Dungeon (3/15)

Altars:


Innate Abilities, Weirdness & Mutations

You are under a permanent stasis effect.
You can dig through walls and to a lower floor.
Your four strong arms can wield two-handed weapons with a shield.
You have a pair of large antennae on your head (SInv).


Message History

You hit the orc priest.
The orc priest is severely wounded.
The orc wizard hits you with a dagger.
* * * LOW HITPOINT WARNING * * *
The orc barely misses you.
The orc priest hits you but does no damage.
The orc wizard hits you with a dagger.
* * * LOW HITPOINT WARNING * * *
The orc priest hits you with a club.
* * * LOW HITPOINT WARNING * * *
You hit the orc priest.
The orc priest is severely wounded.
You hit the orc priest.
The orc priest is almost dead.
You hit the orc but do no damage.
The orc is moderately wounded.
You hit the orc wizard but do no damage.
The orc wizard is lightly wounded.
The orc hits you.
You die...

#.# ..#
#.##..#
#######.....#
#..†.......##
#.#####..#.#
#.# #..#.#
#.# #..#
###.# #.#
#oo#......
#.#
#.@o..$..#
#.#
##o#.#####
#.# #.#.# #)#
#.# # #.# #.#
#.# #.. #.#
### #.######
#......#


You could see 2 orc priests, an orc wizard and an orc.

Vanquished Creatures
  Ijyb (D:2)
  3 adders
  An ooze (D:1)
  A worm (D:2)
  3 giant geckos
  8 bats
  2 giant cockroaches
  6 goblins
  7 hobgoblins
  4 jackals (D:1)
  9 kobolds
  2 quokkas (D:2)
  2 ball pythons
  4 giant newts
  3 rats
56 creatures vanquished.

Notes
Turn   | Place    | Note
--------------------------------------------------------------
     0 | D:1      | badblocks the Formicid Berserker began the quest for the Orb.
     0 | D:1      | Reached XP level 1. HP: 18/18 MP: 1/1
   142 | D:1      | Reached XP level 2. HP: 21/24 MP: 2/2
   440 | D:1      | Reached skill level 4 in Axes
   440 | D:1      | Reached XP level 3. HP: 29/29 MP: 3/3
   669 | D:1      | Acquired Trog's second power
  1136 | D:1      | Reached XP level 4. HP: 21/35 MP: 4/4
  1682 | D:2      | Noticed Ijyb
  1702 | D:2      | Killed Ijyb
  1702 | D:2      | Reached skill level 5 in Axes
  1853 | D:2      | Reached XP level 5. HP: 17/41 MP: 5/5
  2789 | D:3      | HP: 2/41 [orc priest/divine providence (12)]
  2797 | D:3      | HP: 1/41 [orc priest/club (3)]
  2798 | D:3      | Slain by an orc

Vault maps used:
D:1:      minmay_arrival_wavy_path
D:2:      uniq_iyjb
D:3:      first_bread, hex_medium, grunt_qazlal_clouds

Action                   |  1- 3 |  4- 6 || total
-------------------------+-------+-------++-------
Melee: Hand axe          |   108 |   138 ||   246
Invok: Trog's Hand       |       |     1 ||     1
  Use: Potion            |     1 |     3 ||     4
       Scroll            |       |     2 ||     2
  Eat: Chunk             |     1 |     5 ||     6
